 Dungeon Crawl Stone Soup version 0.26.0-10-g1f06aea511 (webtiles) character file.

Game seed: 18446051256513036187

995 Borgoz the Slasher (level 8, -1/67 HPs)
             Began as a Ghoul Gladiator on Jan 13, 2021.
             Killed by divine providence
             ... invoked by an orc priest
              (14 damage)
             ... on level 6 of the Dungeon.
             The game lasted 00:06:19 (5774 turns).

Borgoz the Slasher (Ghoul Gladiator)                Turns: 5774, Time: 00:06:19

Health: -1/67      AC:  8    Str: 18    XL:     8   Next: 19%
Magic:  7/7        EV:  9    Int:  3    God:
Gold:   343        SH:  9    Dex: 12    Spells: 7/7 levels left

rFire    . . .     SeeInvis .   a - +0 long sword
rCold    + + +     Faith    .   k - +2 kite shield {rC+}
rNeg     + + +     Spirit   .   o - +0 ring mail
rPois    ∞         Reflect  .   c - +0 helmet
rElec    .         Harm     .   (no cloak)
rCorr    .         Rampage  .   (no gloves)
Will     .....                  n - +0 pair of boots
Stlth    +.........             (no amulet)
HPRegen  0.00/turn              e - ring of protection from cold
MPRegen  0.10/turn              (no ring)

@: slowed, very slow
A: claws 1, cold resistance 1, negative energy resistance 3, inhibited
regeneration, torment resistance, unbreathing
a: no special abilities


You were on level 6 of the Dungeon.
You visited 1 branch of the dungeon, and saw 6 of its levels.

You collected 343 gold pieces.

Inventory:

Hand Weapons
 a - a +0 long sword (weapon)
Missiles
 d - 2 throwing nets (quivered)
Armour
 c - a +0 helmet (worn)
 k - a +2 kite shield of cold resistance (worn)
 n - a +0 pair of boots (worn)
 o - a +0 ring mail (worn)
Jewellery
 e - a ring of protection from cold (left claw)
Wands
 b - a wand of paralysis (12)
Scrolls
 f - a scroll of fear {unknown}
 g - 4 scrolls of magic mapping
 i - 3 scrolls of teleportation {unknown}
 j - 6 scrolls of remove curse
 m - a scroll of blinking
 p - a scroll of enchant weapon {unknown}
 q - a scroll of acquirement {unknown}
Potions
 h - 3 potions of curing
 l - 3 potions of haste


   Skills:
 + Level 4.5 Fighting
 * Level 5.5 Long Blades
 - Level 1.7 Throwing
 * Level 4.6 Armour
 + Level 4.3 Dodging


You had 7 spell levels left.
You didn't know any spells.
Your spell library was empty.

Dungeon Overview and Level Annotations

Branches:
Dungeon (6/15)
 Temple: D:4-7

Altars:
Ru
Xom


Innate Abilities, Weirdness & Mutations

You thrive by killing the living.
You are immune to poison.
You have sharp fingernails.
Your flesh is cold resistant. (rC+)
You are immune to negative energy. (rN+++)
You do not regenerate when monsters are visible.
You are immune to unholy pain and torment.
You can survive without breathing.


Message History

The magic dart hits you.
* * * LOW HITPOINT WARNING * * *
The orc hits you but does no damage.
The orc priest hits you with a +0 hand axe.
* * * LOW HITPOINT WARNING * * *
You feel better.
The orc wizard points at you and mumbles some strange words.
The magic dart hits you!
* * * LOW HITPOINT WARNING * * *
You block the orc's attack. The orc hits you but does no damage.
The orc priest barely misses you.
You riposte.
You barely miss the orc priest.
The orc priest is heavily wounded.
The orc wizard casts a spell at you.
You feel yourself slow down. The orc barely misses you.
The orc wizard hits you with a +1 dagger of venom.
* * * LOW HITPOINT WARNING * * *
The orc priest invokes the aid of Beogh against you.
Beogh smites you!
You die...

#.....#.#.#.#.
#....#.#.#.#.#.
#....'#.#.#.#.#.
#..).#.#.#.#.#.#.
#....o#.#.#.#.#.#.
#...o#.#.#.#.#.....
#...oo#.#.#.#......+
#....#.#.#.#.#.....#
#####@#.#.#.#.#.#.#
#$#.#.#.#.#.#.#
##.#.#.#.#.#.#
#.#.#.#.#.#.#
##.#.#.#.#.#
#.#.#.#.#.#.#.#.#.#
##.#.#.#.#.#.#.#.#.
#.#.#.#.#.#.#.#.#.#
##.#.#.#.#.#.#.#.#.


You could see an orc priest and an orc wizard (fast).

Vanquished Creatures
  An orc warrior (D:5)
  A sky beast (D:5)
  2 scorpions (D:5)
  2 howler monkeys
  2 hounds (D:4)
  A bullfrog skeleton (D:5)
  An orc priest (D:6)
  A centaur skeleton (D:4)
  An iguana (D:4)
  5 orc wizards
  5 worker ants
  A hound skeleton (D:4)
  5 adders
  3 shadow imps
  A white imp (D:5)
  An ufetubus (D:5)
  6 worms
  A dart slug (D:1)
  2 leopard geckos
  11 orcs
  5 bats
  6 giant cockroaches
  6 goblins
  9 hobgoblins
  6 jackals
  5 quokkas
  7 frilled lizards
  A jackal skeleton (D:4)
  5 kobolds
  A leopard gecko skeleton (D:6)
  A quokka zombie (D:3)
  11 rats
116 creatures vanquished.

Notes
Turn   | Place    | Note
-------+----------+-------------------------------------------
     0 | D:1      | Borgoz the Ghoul Gladiator began the quest for the Orb.
     0 | D:1      | Reached XP level 1. HP: 17/17 MP: 0/0
    54 | D:1      | Reached XP level 2. HP: 24/24 MP: 1/1
    73 | D:1      | You fall into a shaft and drop 1 floor!
    97 | D:2      | Reached skill level 3 in Long Blades
    97 | D:2      | Reached skill level 1 in Armour
   621 | D:2      | Reached XP level 3. HP: 28/30 MP: 2/2
   988 | D:2      | Reached XP level 4. HP: 15/37 MP: 3/3
  2298 | D:3      | Reached XP level 5. HP: 15/45 MP: 4/4
  2483 | D:3      | Found a sacrificial altar of Ru.
  3185 | D:4      | Reached skill level 4 in Long Blades
  3425 | D:4      | Reached XP level 6. HP: 44/51 MP: 5/5
  4366 | D:5      | Entered Level 5 of the Dungeon
  4438 | D:5      | Reached XP level 7. HP: 48/58 MP: 6/6
  4519 | D:5      | Reached skill level 5 in Long Blades
  4959 | D:5      | Found a shimmering altar of Xom.
  5426 | D:5      | Reached XP level 8. HP: 40/67 MP: 7/7
  5774 | D:6      | Killed from afar by an orc priest

Illustrated notes

Levels and vault maps discovered:
D:1:      saegor_arrival_simple_c, layout_loops_ring, kennysheep_nondescript
D:2:      layout_loops_ring, kennysheep_doodads
D:3:      layout_basic, nicolae_ru_awakened_eye
D:4:      layout_loops_ring
D:5:      layout_loops_cross, general_overflow_altar
D:6:      layout_basic

Skill      XL: |  1  2  3  4  5  6  7 |
---------------+----------------------+-----
Long Blades    | 3 4 5 |  5.5
Armour         | 1 2 3 4 |  4.6
Dodging        | 3 4 |  4.3
Fighting       | 3 4 |  4.5
Throwing       | |  1.7

Action                   |  1- 3 |  4- 6 |  7- 9 || total
-------------------------+-------+-------+-------++-------
Melee: Long sword        |    88 |   306 |   163 ||   557
Throw: Throwing net      |       |     2 |       ||     2
  Use: Scroll            |       |     5 |     1 ||     6
       Potion            |       |     2 |     2 ||     4
 Stab: Sleeping          |       |     1 |       ||     1
Armor: Leather armour    |    33 |    15 |       ||    48
       Ring mail         |       |    94 |   100 ||   194
Dodge: Dodged            |    76 |   124 |    79 ||   279
Block: Kite shield       |    15 |   135 |   110 ||   260
       Rpst.: Long sword |    23 |    39 |    23 ||    85
